 Dungeon Crawl Stone Soup version 0.24.0-13-gcf9b319 (webtiles) character file.

Game seed: 15544924557293723285, levelgen mode: deterministic

162 BoppinsLewinski the Poker (level 5, 0/61 HPs)
             Began as a Demonspawn Gladiator on Nov 11, 2019.
             Succumbed to a goblin's poison
             ... on level 2 of the Dungeon.
             The game lasted 00:04:50 (1698 turns).

BoppinsLewinski the Poker (Demonspawn Gladiator)    Turns: 1698, Time: 00:04:50

Health: 0/61       AC: 22    Str: 18 (20) XL:     5   Next: 19%
Magic:  5/5        EV:  2    Int:  9      God:
Gold:   81         SH:  0    Dex: 14 (15) Spells: 4/4 levels left

rFire    . . .     SeeInvis .   a - +0 trident
rCold    . . .     Gourm    .   (no shield)
rNeg     + + +     Faith    .   (armour currently unavailable)
rPois    +         Spirit   .   (helmet currently unavailable)
rElec    .         Reflect  .   (cloak currently unavailable)
rCorr    .         Harm     .   (gloves currently unavailable)
MR       .....     NoTele   +   (boots currently unavailable)
Stlth    +.........             (no amulet)
HPRegen  0.20/turn              (no ring)
MPRegen  0.09/turn              (no ring)

@: mighty, lethally poisoned (0 -> -17), tree-form
A: rot immunity
a: no special abilities


You were on level 2 of the Dungeon.
You were not hungry.
You were a tree.
You visited 1 branch of the dungeon, and saw 2 of its levels.

You collected 81 gold pieces.

Inventory:

Hand Weapons
 a - a +0 trident (weapon)
Missiles
 q - a throwing net (quivered)
Armour
 b - a +0 leather armour
 c - a +0 helmet (melded)
 l - a +0 scale mail (melded)
Jewellery
 g - a +2 ring of dexterity {unknown}
Scrolls
 d - a scroll of teleportation {unknown}
 e - 2 scrolls of immolation {unknown}
 i - a scroll of fog {unknown}
 m - 2 scrolls of identify {unknown}
 r - a scroll of remove curse {unknown}
Potions
 h - a potion of haste
 o - 2 potions of degeneration
Comestibles
 f - 6 rations


   Skills:
 + Level 3.0 Fighting
 * Level 4.0 Polearms
 - Level 1.7 Throwing
 + Level 1.7 Armour
 + Level 3.3 Dodging


You had 4 spell levels left.
You didn't know any spells.
Your spell library was empty.

Dungeon Overview and Level Annotations

Branches:
Dungeon (2/15)

Altars:


Innate Abilities, Weirdness & Mutations

((You have large cloven feet.))
You are immune to rotting.
((Your movements are slightly less encumbered by armour. (ER -2)))


Message History

You puncture Natasha!
You kill Natasha!
Natasha screams in fury as she dies!
The shadow imp disappears in a puff of smoke!
Your Fighting skill increases to level 3!
Your Polearms skill increases to level 4!
* * * LOW HITPOINT WARNING * * *
You feel sick. The goblin hits you but does no damage.
You are more poisoned.
You puncture the goblin!
You kill the goblin!
* * * LOW HITPOINT WARNING * * *
You feel very sick.
Unknown command.
There is a lethal amount of poison in your body!
There is a lethal amount of poison in your body!
There is a lethal amount of poison in your body!
* * * LOW HITPOINT WARNING * * *
You feel sick.
You die...

>.##...#÷#.........####........#
.#####...#.....................#
.# #...###........###........#
######.....#........###........#
.........#....#.###..##........#
#####................###########
#................##......
#.####.#.........)....<..
....#..#.......?♣).......
..............)###.......
#..............# .......
####...#.#.............##
#....#......####.......#
#.########..$. .......# # ##....
........ #####. >......# # ...


There were no monsters in sight!

Vanquished Creatures
  2 orc priests (D:2)
  Natasha (D:2)
  2 adders (D:2)
  A worm (D:2)
  2 dart slugs
  3 leopard geckos
  An orc (D:2)
  3 giant cockroaches (D:2)
  10 hobgoblins
  4 kobolds
  5 bats
  4 frilled lizards (D:2)
  7 goblins
  7 rats
52 creatures vanquished.

Notes
Turn   | Place    | Note
-------+----------+-------------------------------------------
     0 | D:1      | BoppinsLewinski the Demonspawn Gladiator began the quest
                  | for the Orb.
     0 | D:1      | Reached XP level 1. HP: 16/16 MP: 1/1
   506 | D:1      | Gained mutation: Your movements are slightly less
                  | encumbered by armour. (ER -2) [demonic ancestry]
   506 | D:1      | Reached XP level 2. HP: 20/22 MP: 2/2
   532 | D:1      | Reached skill level 3 in Polearms
   803 | D:1      | Reached XP level 3. HP: 22/28 MP: 3/3
  1115 | D:2      | Reached skill level 1 in Armour
  1400 | D:2      | Gained mutation: You are immune to rotting. [demonic
                  | ancestry]
  1400 | D:2      | Reached XP level 4. HP: 34/34 MP: 4/4
  1676 | D:2      | Noticed Natasha
  1686 | D:2      | Gained mutation: You have large cloven feet. [demonic
                  | ancestry]
  1686 | D:2      | Reached XP level 5. HP: 29/40 MP: 5/5
  1695 | D:2      | Killed Natasha
  1695 | D:2      | Reached skill level 4 in Polearms
  1696 | D:2      | HP: 3/61 [poisoned by a goblin]
  1698 | D:2      | Succumbed to a goblin's poison

Levels and vault maps discovered:
D:1:      giann_forest_graveyard, layout_basic, serial_bayou_crossing
D:2:      layout_rooms, nicolae_overflow_hidden_temple, first_ration,
          uniq_natasha

Skill      XL: |  1  2  3  4  5 |
---------------+----------------+-----
Polearms       | 3 4 |  4.0
Dodging        | 3 |  3.3
Armour         | 1 |  1.7
Fighting       | 3 |  3.0
Throwing       | |  1.7

Action                   |  1- 3 |  4- 6 || total
-------------------------+-------+-------++-------
Melee: Trident           |   125 |    64 ||   189
Throw: Throwing net      |     1 |     2 ||     3
  Use: Potion            |       |     6 ||     6
 Stab: Sleeping          |     2 |       ||     2
  Eat: Chunk             |     2 |     1 ||     3
Armor: Leather armour    |    23 |       ||    23
       Scale mail        |     6 |    15 ||    21
       Skin              |       |    49 ||    49
Dodge: Dodged            |    66 |    24 ||    90
